AoeStats
← sethaniel97

Black Forest

510183537Analyzed
3v3 RM · 2d ago on Sep 29, 2026· 49m 47s· 6 players
Game mode
Random Map
Map size
Normal (6 player)
Population
200
Speed
Normal
Resources
Standard
Victory
Conquest
Starting age
Dark Age
Ending age
Imperial Age
RankedLock teamsTeams togetherTeam positionsShared explorationLock speedFull tech treeHidden civsTurbo modeCheats
Victory
Defeat
🇬🇧 Saxons · United Kingdom
866
+12
🇬🇧 Varangians · United Kingdom
816
+14
🇬🇧 Wei · United Kingdom
771
+15
🇬🇧 Danes · United Kingdom
820
-16
🇬🇧 Varangians · United Kingdom
757
-14
🇬🇧 Saxons · United Kingdom
714
-12
sethaniel97
11:59 Feudal Age
12:57 Double-Bit Axe
14:46 Loom
17:07 Castle Age
14:56 Loom
15:24 Gold Mining
16:06 Horse Collar
17:54 Wheelbarrow
18:52 Bow Saw
21:53 Stone Mining
25:03 Town Watch
26:11 Stone Shaft Mining
25:47 Scale Mail Armor
26:55 Heavy Plow
27:35 Squires
27:20 Gambesons
29:01 Forging
31:44 Imperial Age
28:39 Man-at-Arms
29:38 Long Swordsman
30:57 Iron Casting
30:38 Chain Mail Armor
30:59 Caravan
31:32 Pikeman
33:07 Plate Mail Armor
33:14 Hand Cart
33:31 Conscription
33:07 Two-Handed Swordsman
34:59 Gold Shaft Mining
35:50 Blast Furnace
35:08 Champion
36:26 Fletching
36:36 Padded Archer Armor
37:24 Halberdier
37:40 Elite Jomsviking
38:31 Capped Ram
40:24 Bodkin Arrow
40:35 Scale Barding Armor
40:15 Northmen's Fury
40:22 Siege Ram
41:35 Hamask
47:31 Elite Skirmisher
48:17 Thumb Ring
48:34 Ballistics
48:32 Leather Archer Armor
48:18 Bracer
samstanding1
4:40 Loom
11:56 Feudal Age
12:36 Horse Collar
12:48 Double-Bit Axe
13:00 Gold Mining
16:43 Wheelbarrow
21:08 Stone Mining
24:43 Castle Age
23:49 Forging
23:29 Fletching
23:40 Padded Archer Armor
23:40 Scale Mail Armor
23:46 Scale Barding Armor
25:38 Heavy Plow
26:34 Bow Saw
31:29 Fortified Wall
34:54 Imperial Age
35:55 Hand Cart
38:56 Crop Rotation
38:50 Elite Varangian Guard
38:53 Elite Hearth Troop
41:05 Two-Man Saw
40:43 Shield Wall
42:12 Iron Casting
41:53 Leather Archer Armor
41:34 Bodkin Arrow
41:54 Chain Mail Armor
42:00 Chain Barding Armor
45:47 Pikeman
46:00 Cranequins
48:10 Elite Skirmisher
BiscuitBoy
0:32 Loom
13:21 Feudal Age
16:44 Double-Bit Axe
16:48 Horse Collar
17:01 Gold Mining
18:35 Town Watch
22:14 Castle Age
21:56 Bloodlines
22:14 Stone Mining
23:42 Husbandry
24:01 Forging
23:57 Scale Barding Armor
28:29 Chain Barding Armor
28:01 Fletching
28:51 Bow Saw
28:43 Heavy Plow
30:55 Iron Casting
33:21 Town Patrol
34:44 Vendel Legacy
40:59 Imperial Age
39:06 Wheelbarrow
40:47 Herbal Medicine
41:38 Cavalier
42:58 Plate Barding Armor
43:24 Blast Furnace
PinkParaipan
12:04 Feudal Age
10:20 Loom
13:38 Wheelbarrow
13:03 Double-Bit Axe
15:03 Horse Collar
16:31 Wheelbarrow
16:53 Town Watch
18:42 Town Watch
21:25 Castle Age
19:33 Scale Mail Armor
20:51 Forging
21:28 Bloodlines
23:36 Bow Saw
23:29 Heavy Plow
24:07 Iron Casting
23:59 Caravan
24:20 Hand Cart
28:03 Husbandry
28:12 Squires
28:08 Pikeman
32:49 Tuntian
35:35 Ballistics
35:11 Murder Holes
43:34 Masonry
43:47 Chain Mail Armor
43:38 Scale Barding Armor
43:38 Padded Archer Armor
46:53 Imperial Age
44:25 Town Patrol
45:08 Treadmill Crane
47:26 Chain Barding Armor
47:27 Heavy Hei Guang Cavalry
48:37 Halberdier
pablogoofy
11:10 Feudal Age
11:42 Double-Bit Axe
12:55 Horse Collar
18:02 Castle Age
16:16 Stone Mining
17:15 Gold Mining
18:56 Bow Saw
22:46 Gold Shaft Mining
22:28 Heavy Plow
28:01 Imperial Age
25:43 Clerical Recruitment
27:06 Scale Mail Armor
28:16 Wheelbarrow
28:25 Chain Mail Armor
28:23 Capped Ram
29:35 Conscription
30:24 Plate Mail Armor
30:31 Forging
31:31 Elite Varangian Guard
33:02 Sanctity
33:22 Hand Cart
33:16 Squires
35:10 Pikeman
36:55 Fletching
38:26 Caravan
38:49 Gambesons
40:02 Illumination
39:53 Block Printing
39:29 Halberdier
41:32 Theocracy
40:57 Loom
42:59 Two-Man Saw
42:49 Iron Casting
42:10 Bodkin Arrow
43:47 Ballistics
44:24 Bracer
45:51 Thumb Ring
45:07 Crossbowman
46:36 Arbalester
48:23 Chemistry
Gotlieb
13:13 Feudal Age
11:29 Loom
14:00 Double-Bit Axe
16:21 Gold Mining
19:07 Castle Age
17:50 Horse Collar
20:20 Wheelbarrow
20:43 Bow Saw
26:35 Heavy Plow
28:54 Hand Cart
30:28 Caravan
30:58 Coinage
33:59 Imperial Age
31:44 Stone Mining
33:16 Scale Barding Armor
33:22 Forging
34:04 Padded Archer Armor
33:54 Fletching
35:12 Stone Shaft Mining
34:54 Scale Mail Armor
35:15 Chain Barding Armor
35:42 Crop Rotation
36:15 Two-Man Saw
35:51 Conscription
36:14 Ballistics
36:56 Chemistry
36:44 Iron Casting
36:23 Gothikon
38:12 Plate Barding Armor
37:55 Chain Mail Armor
37:15 Cranequins
38:24 Leather Archer Armor
38:07 Bodkin Arrow
38:23 Elite Varangian Guard
40:05 Banking
41:02 Blast Furnace
40:28 Elite Jarl
42:11 Plate Mail Armor
43:21 Ring Archer Armor
42:52 Bracer
42:27 Heavy Mounted Crossbowman
Connection lost

Rejoining the realm…

Still unreachable

The connection could not be restored.

Session expired

The server has moved on; the page needs a fresh start.